AoeStats
← Irving Legend

Arabia

503637073Analyzed
2v2 RM · 1mo ago on Sep 1, 2026· 24m 9s· 4 players
Game mode
Random Map
Map size
Medium (4 player)
Population
200
Speed
Normal
Resources
Standard
Victory
Conquest
Starting age
Dark Age
Ending age
Imperial Age
RankedLock teamsTeams togetherTeam positionsShared explorationLock speedFull tech treeHidden civsTurbo modeCheats
Victory
Defeat
🇮🇳 Ethiopians · India
1233
+12
🇨🇳 Magyars · China
1207
+13
🇨🇴 Wei · Colombia
1143
-13
🇨🇦 Mapuche · Canada
1123
-12
Pakabuoy
7:10 Loom
10:12 Feudal Age
10:42 Double-Bit Axe
11:29 Fletching
11:45 Padded Archer Armor
23:18 Castle Age
21:40 Gold Mining
23:28 Crossbowman
24:06 Bodkin Arrow
IDIOT DONT PLAY
7:04 Loom
9:29 Feudal Age
10:49 Double-Bit Axe
14:01 Horse Collar
19:33 Scale Barding Armor
20:28 Bloodlines
21:52 Gold Mining
25:05 Castle Age
Thousk_
6:25 Loom
9:22 Feudal Age
10:29 Double-Bit Axe
17:41 Bloodlines
17:19 Horse Collar
20:58 Castle Age
22:57 Scale Barding Armor
Irving Legend
6:58 Loom
9:52 Feudal Age
10:51 Double-Bit Axe
17:52 Fletching
24:16 Castle Age
23:01 Padded Archer Armor
23:25 Gold Mining
Connection lost

Rejoining the realm…

Still unreachable

The connection could not be restored.

Session expired

The server has moved on; the page needs a fresh start.